 Dungeon Crawl Stone Soup version 0.32-a0-22-g6ae6769602 (webtiles) character file.

Game seed: 14322086225980925995

6 JWK the Slasher (level 1, 0/18 HPs)
             Began as an Armataur Berserker on Jan 18, 2024.
             Was a Follower of Trog.
             Slain by a quokka (3 damage)
             ... on level 1 of the Dungeon.
             The game lasted 00:02:28 (235 turns).

JWK the Slasher (Armataur Berserker)                 Turns: 235, Time: 00:02:37

Health: 0/18       AC:  4    Str: 22    XL:     1   Next: 75%
Magic:  1/1        EV:  9    Int:  7    God:    Trog [*.....]
Gold:   24         SH:  0    Dex:  9    Spells: 0/0 levels left

rFire   . . .        a - +0 falchion
rCold   . . .        (no shield)
rNeg    . . .        b - +0 animal skin
rPois   .            (no helmet)
rElec   .            (no cloak)
rCorr   .            (no gloves)
SInv    .            (no barding)
Will    .....        (no amulet)
Stlth   +            (no ring)
HPRegen 0.23/turn    (no ring)
MPRegen 0.07/turn

%: roll
@: no status effects
A: large, deformed body, tough skin 3, armoured tail, roll 1
a: Renounce Religion, Berserk


You were on level 1 of the Dungeon.
You worshipped Trog.
Trog was aware of your devotion.
You visited 1 branch of the dungeon, and saw 1 of its levels.

You collected 24 gold pieces.

Inventory:

Hand Weapons
 a - a +0 falchion (weapon)
Armour
 b - a +0 animal skin (worn)


   Skills:
 + Level 2.8 Fighting
 + Level 3.0 Long Blades
 + Level 2.4 Armour
 + Level 1.4 Dodging


You couldn't memorise any spells.
You didn't know any spells.
Your spell library was empty.

Dungeon Overview and Level Annotations

Branches:
Dungeon (1/15)

Altars:


Innate Abilities, Weirdness & Mutations

Armour fits poorly on your strangely shaped body.
You have extremely tough skin. (AC +3)
You have a long armoured tail.
You regenerate magic when rolling toward enemies. (Rampage MPRegen)


Message History

The rat attacks as it pursues you! The rat bites you.
The quokka barely misses you.
The giant cockroach attacks as it pursues you!
The giant cockroach closely misses you. The giant cockroach closely misses you.
The quokka attacks as it pursues you! The quokka closely misses you.
The quokka bites you but does no damage.
The giant cockroach attacks as it pursues you!
The giant cockroach bites you. The giant cockroach barely misses you.
There is an open door here.
The rat barely misses you. The rat bites you but does no damage.
The rat attacks as it pursues you! The rat bites you.
The rat attacks as it pursues you! The rat bites you but does no damage.
The rat attacks as it pursues you! The rat closely misses you.
The rat barely misses you. The rat attacks as it pursues you!
The rat bites you but does no damage. The rat bites you but does no damage.
The rat attacks as it pursues you! The rat bites you but does no damage.
You hit the rat but do no damage. The quokka completely misses you.
The rat bites you.
You hit the rat.
You kill the rat!
Trog accepts your kill.
The quokka bites you but does no damage.
The giant cockroach bites you but does no damage.
The quokka closely misses you.
Your Long Blades skill increases to level 3!
You hit the giant cockroach.
Your tail-slap misses the giant cockroach.
The giant cockroach is moderately wounded.
The giant cockroach barely misses you. The quokka bites you.
You hit the giant cockroach.
The giant cockroach is heavily wounded.
The giant cockroach barely misses you. The quokka bites you.
* * * LOW HITPOINT WARNING * * *
The giant cockroach bites you.
* * * LOW HITPOINT WARNING * * *
The quokka bites you.
You die...

##### ######... #...###........
######## #...##......... .......#
#...##......... .......#
#......######## .......# #######
##†..##########.
.......###...gw###...†#.......^..
.......#w..###Kr##.#####.###.....
.......'.### ##B@........###...#.
.†.....### ###..###.....[.....
######## #...##...#.#..###.###
#.....###.............
##..P...####.#.......#.
#..♣♣P.....#.#.###.....
##.PP♣PP..#...#......##.
#.P♣PPP..P.##.######.# .
##...........#.######.#


You could see a dart slug, a quokka, a giant cockroach, a hobgoblin and a
kobold.

Vanquished Creatures
  3 bats (D:1)
  A giant cockroach (D:1)
  A frilled lizard (D:1)
  2 rats (D:1)
7 creatures vanquished.

Notes
Turn   | Place    | Note
-------+----------+-------------------------------------------
     0 | D:1      | JWK the Armataur Berserker began the quest for the Orb.
     0 | D:1      | Reached XP level 1. HP: 18/18 MP: 1/1
   234 | D:1      | Reached skill level 3 in Long Blades
   235 | D:1      | Slain by a quokka

Illustrated notes

Levels and vault maps discovered:
D:1:      spicycebolla_arrival_clurvy, layout_basic

Skill      XL: |  1 |
---------------+----+-----
Long Blades    | 3 |  3.0
Fighting       | |  2.8
Armour         | |  2.4
Dodging        | |  1.4

Action                     || total
---------------------------++-------
  Melee: Falchion          ||    46
         Tailslap          ||     6
 Armour: Animal skin       ||   103
  Dodge: Dodged            ||    69

Table legend: (Time is in decaauts)
 A = Elapsed time spent in this place.
 B = Non-inter-level travel time spent in this place.
 C = Inter-level travel time spent in this place.
 D = Time resting spent in this place.
 E = Time spent auto-exploring this place.
 F = Levels seen in this place.
 G = Mean time per level.
                   A        B        C        D        E       F      G
               +--------+--------+--------+--------+--------+-----+--------+
         Total |    242 |    242 |      0 |      0 |      0 |   1 |  242.0 |
       Dungeon |    242 |    242 |      0 |      0 |      0 |   1 |  242.0 |
               +--------+--------+--------+--------+--------+-----+--------+

Top non-repeatable levels by time:
     D:1: 242 daAuts
